IL
NASHVILLE SOUNDS @ SCRANTON WB RAILRIDERS
08/07/2048
 
TOP OF THE 1ST
Nashville Sounds batting - Pitching for Scranton WB RailRiders : RHP Devon Wiley
Pitching: RHP Devon Wiley
Batting: RHB Jeff Garofalo 0-0: Ball
1-0: Ball
2-0: Foul Ball, location: 2F
2-1: Foul Ball, location: 2F
2-2: Foul Ball, location: 2F
2-2: Foul Ball, location: 2F
2-2: Foul Ball, location: 2F
2-2: Ball
3-2: SINGLE (Groundball, 6M, EV 106.2 MPH) (infield hit)
Batting: SHB Robert Santiago 0-0: Ball
1-0: Ball
2-0: Ball
3-0: Called Strike
3-1: Fly out, F9 (Flyball, 9D, EV 108.8 MPH)
Batting: RHB Tim Cordle 0-0: Called Strike
0-1: Grounds into double play, 5-4-3 (Groundball, 56, EV 82.5 MPH)
Top of the 1st over - 0 runs, 1 hit, 0 errors, 0 left on base; Nashville 0 - Scranton WB 0
BOTTOM OF THE 1ST
Scranton WB RailRiders batting - Pitching for Nashville Sounds : RHP Victor Sanchez
Pitching: RHP Victor Sanchez
Batting: RHB Devon Utley 0-0: Called Strike
0-1: Ball
1-1: Fly out, F5 (Popup, 56, EV 76.9 MPH)
Batting: LHB Aaron Joyner 0-0: Ball
1-0: Ball
2-0: Ball
3-0: Base on Balls
Batting: SHB Mukhtar Wa'il 0-0: Ball
1-0: Ball
2-0: Foul Ball, location: 2F
2-1: Foul Ball, location: 2F
2-2: Hit by Pitch
Aaron Joyner to second
Batting: SHB Ryan Buchbinder 0-0: Ball
1-0: Called Strike
Aaron Joyner steals 3rd base
1-1: Ball
2-1: Foul Ball, location: 2F
2-2: Fly out, F2 (Popup, 2LF, EV 91.9 MPH)
Batting: LHB Dan Morris 0-0: Ball
1-0: Ground out 4-3 (Groundball, 4, EV 89.4 MPH)
Bottom of the 1st over - 0 runs, 0 hits, 0 errors, 2 left on base; Nashville 0 - Scranton WB 0
TOP OF THE 2ND
Nashville Sounds batting - Pitching for Scranton WB RailRiders : RHP Devon Wiley
Batting: RHB David Herrera 0-0: Fly out, F7 (Flyball, 7S, EV 88.8 MPH)
Batting: LHB Tomas Segarra 0-0: Called Strike
0-1: Ball
1-1: Ball
2-1: Fly out, F7 (Flyball, 78M, EV 91.2 MPH)
Batting: RHB Wade Diamond 0-0: Ball
1-0: Foul Ball, location: 2F
1-1: Foul Ball, location: 2F
1-2: SINGLE (Line Drive, 8LS, EV 103.1 MPH)
Batting: LHB Gregg Power 0-0: Ball
1-0: Called Strike
1-1: Ball
2-1: Fly out, F3 (Popup, 3SF, EV 79.4 MPH)
Top of the 2nd over - 0 runs, 1 hit, 0 errors, 1 left on base; Nashville 0 - Scranton WB 0
BOTTOM OF THE 2ND
Scranton WB RailRiders batting - Pitching for Nashville Sounds : RHP Victor Sanchez
Batting: LHB Paul Diaz 0-0: Ball
1-0: Ball
2-0: Swinging Strike
2-1: Foul Ball, location: 2F
2-2: DOUBLE (Line Drive, 78D, EV 109.4 MPH)
Batting: SHB Joe Fure 0-0: Called Strike
Paul Diaz steals 3rd base (no throw)
0-1: Ball
1-1: SINGLE (Groundball, 34S, EV 99.4 MPH)
Paul Diaz scores
Batting: RHB Josh Zoglmann 0-0: Ball
1-0: Ball
2-0: Foul Ball, location: 2F
2-1: Swinging Strike
2-2: Strikes out swinging
Batting: RHB Mike Plugge 0-0: Called Strike
0-1: Swinging Strike
0-2: Ball
Joe Fure is caught stealing 2nd base 2-4
1-2: Foul Ball, location: 2F
1-2: Ground out 1-3 (Groundball, P, EV 63.1 MPH)
Bottom of the 2nd over - 1 run, 2 hits, 0 errors, 0 left on base; Nashville 0 - Scranton WB 1
TOP OF THE 3RD
Nashville Sounds batting - Pitching for Scranton WB RailRiders : RHP Devon Wiley
Batting: LHB Zachary DeLuca 0-0: Ball
1-0: Ball
2-0: Swinging Strike
2-1: Swinging Strike
2-2: Fly out, F2 (Popup, 23F, EV 89.4 MPH)
Batting: RHB Yonetoshi Muranaka 0-0: Foul Ball, location: 2F
0-1: Fly out, F8 (Flyball, 8LS, EV 86.9 MPH)
Batting: RHB Jeff Garofalo 0-0: Called Strike
0-1: Ball
1-1: Ball
2-1: Foul Ball, location: 2F
2-2: Strikes out swinging
Top of the 3rd over - 0 runs, 0 hits, 0 errors, 0 left on base; Nashville 0 - Scranton WB 1
BOTTOM OF THE 3RD
Scranton WB RailRiders batting - Pitching for Nashville Sounds : RHP Victor Sanchez
Batting: RHB Devon Utley 0-0: Foul Ball, location: 2F
0-1: Ball
1-1: Foul Ball, location: 2F
1-2: Foul Ball, location: 2F
1-2: Ground out U3 (Groundball, 34S, EV 83.1 MPH)
Batting: LHB Aaron Joyner 0-0: Ball
1-0: Ball
2-0: Swinging Strike
2-1: Foul Ball, location: 2F
2-2: Strikes out swinging
Batting: SHB Mukhtar Wa'il 0-0: Called Strike
0-1: Ball
1-1: Called Strike
1-2: SINGLE (Groundball, 34D, EV 100.6 MPH)
Batting: SHB Ryan Buchbinder 0-0: Called Strike
0-1: Foul Ball, location: 2F
0-2: Ball
1-2: Strikes out looking
Bottom of the 3rd over - 0 runs, 1 hit, 0 errors, 1 left on base; Nashville 0 - Scranton WB 1
TOP OF THE 4TH
Nashville Sounds batting - Pitching for Scranton WB RailRiders : RHP Devon Wiley
Batting: SHB Robert Santiago 0-0: Ball
1-0: Ball
2-0: Foul Ball, location: 2F
2-1: Foul Ball, location: 2F
2-2: Hit by Pitch
Batting: RHB Tim Cordle 0-0: Swinging Strike
0-1: Called Strike
Robert Santiago steals 2nd base (no throw)
0-2: Ball
1-2: Foul Ball, location: 2F
1-2: Ball
2-2: Ball
3-2: Base on Balls
Batting: RHB David Herrera 0-0: Called Strike
0-1: Ball
1-1: Foul Ball, location: 2F
1-2: SINGLE (Flyball, 89S, EV 86.9 MPH)
Robert Santiago to third
Tim Cordle to second
Runner from 3rd tries for Home, SAFE, throw by CF to home
Batting: LHB Tomas Segarra 0-0: Called Strike
0-1: SINGLE (Line Drive, 6MD, EV 99.4 MPH)
Tim Cordle to third
David Herrera to second
Batting: RHB Wade Diamond 0-0: Ball
1-0: Ball
2-0: Foul Ball, location: 2F
2-1: Foul Ball, location: 2F
2-2: Foul Ball, location: 2F
2-2: Foul Ball, location: 2F
2-2: Ball
3-2: Fly out, F9 (Flyball, 89M, EV 93.8 MPH)
Runner from 3rd tags up, OUT at HOME! 9-2
David Herrera to third
Tomas Segarra to second
Batting: LHB Gregg Power 0-0: Foul Ball, location: 2F
0-1: Fly out, F6 (Line Drive, 4M, EV 69.4 MPH)
Top of the 4th over - 1 run, 2 hits, 0 errors, 2 left on base; Nashville 1 - Scranton WB 1
BOTTOM OF THE 4TH
Scranton WB RailRiders batting - Pitching for Nashville Sounds : RHP Victor Sanchez
Batting: LHB Dan Morris 0-0: Ground out 3-1 (Groundball, 34S, EV 91.2 MPH)
Batting: LHB Paul Diaz 0-0: Foul Ball, location: 2F
0-1: DOUBLE (Line Drive, 8LXD, EV 103.1 MPH)
Batting: SHB Joe Fure 0-0: Called Strike
0-1: Ball
1-1: Ball
2-1: Ball
3-1: Base on Balls
Batting: RHB Josh Zoglmann 0-0: Foul Ball, location: 2F
0-1: Swinging Strike
0-2: Ball
1-2: Grounds into double play, 6-4-3 (Groundball, 6D, EV 98.1 MPH)
Bottom of the 4th over - 0 runs, 1 hit, 0 errors, 1 left on base; Nashville 1 - Scranton WB 1
TOP OF THE 5TH
Nashville Sounds batting - Pitching for Scranton WB RailRiders : RHP Devon Wiley
Batting: LHB Zachary DeLuca 0-0: Swinging Strike
0-1: Ball
1-1: Fly out, F8 (Line Drive, 8LM, EV 91.2 MPH)
Batting: RHB Yonetoshi Muranaka 0-0: Called Strike
0-1: Ball
1-1: Ground out 4-3 (Groundball, 4, EV 78.1 MPH)
Batting: RHB Jeff Garofalo 0-0: Ball
1-0: Fly out, F5 (Popup, 56, EV 77.5 MPH)
Top of the 5th over - 0 runs, 0 hits, 0 errors, 0 left on base; Nashville 1 - Scranton WB 1
BOTTOM OF THE 5TH
Scranton WB RailRiders batting - Pitching for Nashville Sounds : RHP Victor Sanchez
Batting: RHB Mike Plugge 0-0: Ball
1-0: DOUBLE (Line Drive, 7LM, EV 96.2 MPH)
Batting: RHB Devon Utley 0-0: Foul Ball, location: 2F
0-1: Ball
1-1: Ball
2-1: Called Strike
2-2: Foul Ball, location: 2F
2-2: SINGLE (Flyball, 8LS, EV 90.0 MPH)
Mike Plugge to third
Batting: LHB Aaron Joyner 0-0: Ball
Wild Pitch!
Mike Plugge scores
Devon Utley to second
1-0: Called Strike
1-1: Ground out 2-3 (Groundball, 2R, EV 60.6 MPH)
Devon Utley to third
Batting: SHB Mukhtar Wa'il 0-0: Ball
1-0: Ball
2-0: Called Strike
2-1: Ball
3-1: SINGLE (Groundball, 6D, EV 101.9 MPH)
Devon Utley scores
Pitching: RHP Ben Voorhees
Batting: SHB Ryan Buchbinder 0-0: Ball
1-0: Foul Ball, location: 2F
1-1: Ball
2-1: DOUBLE (Groundball, 5L, EV 102.5 MPH)
Mukhtar Wa'il to third
Batting: LHB Dan Morris 0-0: Called Strike
0-1: Foul Ball, location: 2F
0-2: Ball
1-2: Ground out 5-3 (Groundball, 5, EV 79.4 MPH)
Batting: LHB Paul Diaz 0-0: Ball
1-0: Called Strike
1-1: Ball
2-1: Called Strike
2-2: Foul Ball, location: 2F
2-2: Ball
3-2: SINGLE (Groundball, 4M, EV 85.0 MPH) (infield hit)
Mukhtar Wa'il scores
Ryan Buchbinder to third
Batting: SHB Joe Fure 0-0: Called Strike
0-1: Ball
1-1: Foul Ball, location: 2F
1-2: Ball
2-2: Ball
3-2: Foul Ball, location: 2F
3-2: Base on Balls
Paul Diaz to second
Batting: RHB Josh Zoglmann 0-0: Called Strike
0-1: SINGLE (Groundball, 56S, EV 73.8 MPH) (infield hit)
Ryan Buchbinder scores
Paul Diaz to third
Joe Fure to second
Batting: RHB Mike Plugge 0-0: Fly out, F6 (Popup, 15, EV 84.4 MPH)
Bottom of the 5th over - 4 runs, 6 hits, 0 errors, 3 left on base; Nashville 1 - Scranton WB 5
TOP OF THE 6TH
Nashville Sounds batting - Pitching for Scranton WB RailRiders : RHP Devon Wiley
Batting: SHB Robert Santiago 0-0: Called Strike
0-1: Swinging Strike
0-2: SINGLE (Line Drive, 6D, EV 108.8 MPH)
Batting: RHB Tim Cordle 0-0: Called Strike
0-1: Fly out, F8 (Flyball, 78XD, EV 100.6 MPH)
Batting: RHB David Herrera 0-0: Ball
1-0: Foul Ball, location: 2F
1-1: Fly out, F8 (Flyball, 8RM, EV 80.6 MPH)
Batting: LHB Tomas Segarra 0-0: Called Strike
Robert Santiago is caught stealing 2nd base 2-6
Top of the 6th over - 0 runs, 1 hit, 0 errors, 0 left on base; Nashville 1 - Scranton WB 5
BOTTOM OF THE 6TH
Scranton WB RailRiders batting - Pitching for Nashville Sounds : RHP Ben Voorhees
Batting: RHB Devon Utley 0-0: Ball
1-0: Ground out 5-3 (Groundball, 56, EV 87.5 MPH)
Batting: LHB Aaron Joyner 0-0: Ball
1-0: Ball
2-0: Ball
3-0: Called Strike
3-1: Foul Ball, location: 2F
3-2: Base on Balls
Batting: SHB Mukhtar Wa'il 0-0: Foul Ball, location: 2F
0-1: Ball
1-1: SINGLE (Groundball, 4D, EV 102.5 MPH)
Aaron Joyner to second
Runner from 2nd tries for 3rd, OUT! 8-5
Mukhtar Wa'il to second
Batting: SHB Ryan Buchbinder 0-0: Ball
1-0: Ball
2-0: DOUBLE (Groundball, 3L, EV 102.5 MPH)
Mukhtar Wa'il scores
Batting: LHB Dan Morris 0-0: Ball
Wild Pitch!
Ryan Buchbinder to third
1-0: Swinging Strike
1-1: Swinging Strike
1-2: Strikes out swinging
Bottom of the 6th over - 1 run, 2 hits, 0 errors, 1 left on base; Nashville 1 - Scranton WB 6
TOP OF THE 7TH
Nashville Sounds batting - Pitching for Scranton WB RailRiders : RHP Devon Wiley
Batting: LHB Tomas Segarra 0-0: Ball
1-0: Ball
2-0: Ball
3-0: Base on Balls
Pitching: RHP Ray Richards
Batting: RHB Wade Diamond 0-0: Called Strike
0-1: Ball
1-1: Foul Ball, location: 2F
1-2: Strikes out swinging
Batting: LHB Gregg Power 0-0: Ball
1-0: DOUBLE (Flyball, 8RD, EV 105.6 MPH)
Tomas Segarra to third
Batting: LHB Zachary DeLuca 0-0: Called Strike
0-1: Swinging Strike
0-2: Strikes out swinging
Batting: RHB Yonetoshi Muranaka 0-0: Ground out U3 (Groundball, 3, EV 87.5 MPH)
Top of the 7th over - 0 runs, 1 hit, 0 errors, 2 left on base; Nashville 1 - Scranton WB 6
BOTTOM OF THE 7TH
Scranton WB RailRiders batting - Pitching for Nashville Sounds : RHP Ben Voorhees
Batting: LHB Paul Diaz 0-0: Foul Ball, location: 2F
0-1: Called Strike
0-2: Ball
1-2: Foul Ball, location: 2F
1-2: Ball
2-2: Ball
3-2: Fly out, F9 (Line Drive, 89M, EV 89.4 MPH)
Pitching: RHP A.J. Marston
Batting: SHB Joe Fure 0-0: Swinging Strike
0-1: Ball
1-1: Hit by Pitch
Batting: RHB Josh Zoglmann 0-0: Fly out, F9 (Flyball, 89M, EV 94.4 MPH)
Batting: RHB Mike Plugge 0-0: Called Strike
0-1: Called Strike
Joe Fure is caught stealing 2nd base 2-4
Bottom of the 7th over - 0 runs, 0 hits, 0 errors, 0 left on base; Nashville 1 - Scranton WB 6
TOP OF THE 8TH
Nashville Sounds batting - Pitching for Scranton WB RailRiders : RHP Ray Richards
Batting: RHB Jeff Garofalo 0-0: Fly out, F7 (Flyball, 7, EV 91.9 MPH)
Batting: SHB Robert Santiago 0-0: Single, Error in OF, E8, batter to second base (Line Drive, 4D, EV 94.4 MPH)
Batting: RHB Tim Cordle 0-0: Called Strike
0-1: Foul Ball, location: 2F
0-2: Foul Ball, location: 2F
0-2: Fly out, F8 (Flyball, 8RM, EV 88.1 MPH)
Batting: RHB David Herrera 0-0: Swinging Strike
0-1: 2-RUN HOME RUN (Flyball, 7D, EV 98.1 MPH), Distance : 364 ft
Batting: LHB Tomas Segarra 0-0: Called Strike
0-1: Called Strike
0-2: Ball
1-2: Foul Ball, location: 2F
1-2: Ground out 4-3 (Groundball, 34D, EV 107.5 MPH)
Top of the 8th over - 2 runs, 2 hits, 1 error, 0 left on base; Nashville 3 - Scranton WB 6
BOTTOM OF THE 8TH
Scranton WB RailRiders batting - Pitching for Nashville Sounds : RHP A.J. Marston
Batting: RHB Mike Plugge 0-0: Ball
1-0: Called Strike
1-1: Ground out 5-3 (Groundball, 56, EV 83.1 MPH)
Batting: RHB Devon Utley 0-0: Ball
1-0: Ball
2-0: TRIPLE (Line Drive, 78XD, EV 108.8 MPH)
Batting: LHB Aaron Joyner 0-0: Ball
1-0: Called Strike
1-1: Foul Ball, location: 2F
1-2: Strikes out swinging
Batting: SHB Mukhtar Wa'il 0-0: Called Strike
0-1: Ground out 4-3 (Groundball, 4, EV 101.9 MPH)
Bottom of the 8th over - 0 runs, 1 hit, 0 errors, 1 left on base; Nashville 3 - Scranton WB 6
TOP OF THE 9TH
Nashville Sounds batting - Pitching for Scranton WB RailRiders : RHP Ray Richards
Pitching: RHP Mark Stafford
Batting: RHB Wade Diamond 0-0: SINGLE (Line Drive, 7LS, EV 90.6 MPH)
Batting: LHB Gregg Power 0-0: Called Strike
0-1: Foul Ball, location: 2F
0-2: Foul Ball, location: 2F
0-2: Ball
1-2: Strikes out swinging
Batting: LHB Zachary DeLuca 0-0: Called Strike
0-1: Ball
1-1: Foul Ball, location: 2F
1-2: Ball
2-2: Ball
3-2: Strikes out swinging
Wade Diamond steals 2nd base (no throw)
Batter strikes out.
Batting: RHB Yonetoshi Muranaka 0-0: Swinging Strike
0-1: Foul Ball, location: 2F
0-2: Ball
1-2: Strikes out swinging
Top of the 9th over - 0 runs, 1 hit, 0 errors, 1 left on base; Nashville 3 - Scranton WB 6
Tuesday, March 28th , 2023 - OOTP Baseball 23.10 Build 110